 Dungeon Crawl Stone Soup version 0.25.0-15-gac7dcb8919 (console) character file.

Game seed: 425947504400519293

10 bli the Shield-Bearer (level 2, 0/24 HPs)
             Began as a Formicid Fighter on June 28, 2020.
             Slain by a hound (3 damage)
             ... on level 4 of the Dungeon.
             The game lasted 00:01:05 (52 turns).

bli the Shield-Bearer (Formicid Fighter)              Turns: 52, Time: 00:01:05

Health: 0/24       AC:  6    Str: 20    XL:     2   Next: 30%
Magic:  2/2        EV:  8    Int:  7    God:
Gold:   5          SH:  9    Dex: 10    Spells: 1/1 levels left

rFire    . . .     SeeInvis +   a - +0 war axe
rCold    . . .     Gourm    .   c - +0 kite shield
rNeg     . . .     Faith    .   b - +0 scale mail
rPois    .         Spirit   .   (helmet unavailable)
rElec    .         Reflect  .   (no cloak)
rCorr    .         Harm     .   (no gloves)
MR       .....                  (no boots)
Stlth    ..........             (no amulet)
HPRegen  0.08/turn              (no ring)
MPRegen  0.08/turn              (no ring)

@: no status effects
A: permanent stasis, dig shafts and tunnels, four strong arms, antennae 3
a: Dig, Shaft Self


You were on level 4 of the Dungeon.
You were not hungry.

You visited 1 branch of the dungeon, and saw 3 of its levels.

You collected 5 gold pieces.

Inventory:

Hand Weapons
 a - a +0 war axe (weapon)
Missiles
 g - 26 stones (quivered)
 h - 22 sling bullets
Armour
 b - a +0 scale mail (worn)
 c - a +0 kite shield (worn)
Scrolls
 e - a scroll of identify {unknown}
Potions
 d - a potion of might
Comestibles
 f - a ration


   Skills:
 * Level 3.5 Fighting
 + Level 2.0 Axes
 + Level 3.4 Armour
 + Level 0.1 Dodging
 * Level 3.9 Shields


You had one spell level left.
You didn't know any spells.
Your spell library was empty.

Dungeon Overview and Level Annotations

Branches:
Dungeon (1/15)

Altars:


Innate Abilities, Weirdness & Mutations

You cannot be hasted, slowed, berserked, paralysed or teleported.
You can dig through walls and to a lower floor.
Your four strong arms can wield two-handed weapons with a shield.
You have a pair of large antennae on your head. (SInv)


Message History

You miss the hound. The hound bites you. The gnoll hits you but does no damage.
You block the gnoll's attack. The hound bites you but does no damage.
The gnoll hits you from afar with a +0 spear.
You closely miss the gnoll.
The gnoll is heavily wounded.
You closely miss the hound. You block the hound's attack.
The gnoll hits you but does no damage. You block the gnoll's attack.
The hound completely misses you.
The teleport trap disappears.
The gnoll disappears!
You closely miss the gnoll.
The gnoll is heavily wounded.
You closely miss the hound. The hound barely misses you.
You block the gnoll's attack.
The gnoll hits you from afar with a +0 spear.
The hound completely misses you. The gnoll hits you with a +0 club.
* * * LOW HITPOINT WARNING * * *
The gnoll hits you but does no damage. x2
You closely miss the gnoll.
The gnoll is heavily wounded.
You barely miss the hound. The hound bites you.
* * * LOW HITPOINT WARNING * * *
The hound bites you.
You die...

..#. ## #.#. .#
## ####...#.##.
...........
#.........
......)#.######
#...........
#.#.........
##....g######
.#...ggh#
........@#
###.###..######
#. #........# #
#.###.#... #.#
# #.# #.# ..#
#..# #..# #...
{


You could see a hound and 3 gnolls.

Vanquished Creatures
  An adder (D:4)
  A quokka (D:4)
2 creatures vanquished.

Notes
Turn   | Place    | Note
-------+----------+-------------------------------------------
     0 | D:1      | bli the Formicid Fighter began the quest for the Orb.
     0 | D:1      | Reached XP level 1. HP: 18/18 MP: 1/1
     3 | D:1      | You fall into a shaft and drop 1 floor!
    24 | D:2      | You fall into a shaft and drop 2 floors!
    28 | D:4      | Reached XP level 2. HP: 24/24 MP: 2/2
    52 | D:4      | Slain by a hound

Illustrated notes

Levels and vault maps discovered:
D:1:      dpeg_arrival_rhombus, layout_loops_corners, minmay_tall_x
D:2:      layout_loops_ring, ashenzari_conservatory_becter, serial_forest,
          infiniplex_forest_lined_2, infiniplex_forest_straight_2,
          infiniplex_forest_clump_double, infiniplex_forest_end_2,
          infiniplex_forest_corner_2, infiniplex_forest_clump_double,
          kennysheep_generic_room_7
D:4:      layout_basic, minitemple, grunt_temple_overflow_open, serial_shops,
          shop, nicolae_shop_trees, led_sif_book

Action                   || total
-------------------------++-------
Melee: War axe           ||    14
Throw: Stone             ||     1
 Abil: Shaft Self        ||     2
Armor: Scale mail        ||    11
Dodge: Dodged            ||    11
Block: Kite shield       ||    10
